 Dungeon Crawl Stone Soup version 0.31-a0-1591-g515db51633 (webtiles) character file.

Game seed: 17003601538498981632

133 demibob the Cudgeller (level 4, 0/26 (27) HPs)
             Began as a Deep Elf Chaos Knight on Jan 7, 2024.
             Was a Plaything of Xom.
             Slain by Duvessa
             ... wielding a +0 short sword
              (9 damage)
             ... on level 4 of the Dungeon.
             The game lasted 00:04:18 (2221 turns).

demibob the Cudgeller (Deep Elf Chaos Knight)       Turns: 2221, Time: 00:04:20

HP:   0/26 (27)     AC:  6    Str: 11    XL:     4   Next: 93%
MP:   6/6           EV: 17    Int: 17    God:    Xom [..*...]
Gold: 101           SH:  0    Dex: 14    Spells: 0/3 levels left

rFire   . . .        a - +1 mace (chaos)
rCold   . . .        (no shield)
rNeg    . . .        b - +3 leather armour
rPois   .            (no helmet)
rElec   .            (no cloak)
rCorr   .            (no gloves)
SInv    .            (no boots)
Will    .....        (no amulet)
Stlth   +            E - +5 ring of evasion
HPRegen 0.24/turn    (no ring)
MPRegen 0.10/turn

%: no passive effects
@: mighty, lightly drained
A: no striking features
a: Renounce Religion


You were on level 4 of the Dungeon.
You worshipped Xom.
You were a toy of Xom.
You visited 1 branch of the dungeon, and saw 4 of its levels.

You collected 221 gold pieces.
You spent 120 gold pieces at shops.


   Skills:
 - Level 2.4 Fighting
 + Level 4.0 Maces & Flails
 - Level 0.7 Armour
 - Level 2.4 Dodging
 + Level 1.6 Ice Magic


You couldn't memorise any spells.
You knew the following spells:

 Your Spells              Type           Power      Damage    Failure   Level
X - Hailstorm             Conj/Ice       2%         3d5       54%         3

Your spell library contained the following spells:

 Spells                   Type           Power      Damage    Failure   Level
 Summon Ice Beast         Ice/Summ       2%         N/A       54%         3
 Sculpt Simulacrum        Ice/Alch       1%         N/A       100%        6

Inventory:

Hand Weapons
 a - a +1 mace of chaos (weapon)
Armour
 b - a +3 leather armour (worn)
Jewellery
 C - a ring of ice
 E - a +5 ring of evasion (left hand)
Scrolls
 c - a scroll of butterflies
Potions
 d - 2 potions of mutation
 f - 2 potions of lignification
 g - a potion of berserk rage {!q}
 h - a potion of attraction
 i - a potion of brilliance
 j - a potion of curing {@q1}
 k - a potion of might

Dungeon Overview and Level Annotations

Branches:
Dungeon (4/15)
 Temple: D:4-7

Altars:
Ashenzari
Dithmenos
Elyvilon
Kikubaaqudgha
Uskayaw
Vehumet
Xom
Yredelemnul

Shops:
D:1 (   D:3 !

Annotations:
D:4 Dowan, Duvessa

#.# #.# #.# #.#
#.# #.# #.#
########.#######
.......@........
########e...###.
.......e.#..#
#.##....###..#
##..#+ #... #..#
#.. ...# #. ##..
###


You could see Duvessa (strong) and Dowan.


Message History

You feel better.
Unknown command.
You barely miss Duvessa. You punch Duvessa.
Duvessa is lightly wounded.
Duvessa says, "When magic and the sword combine, nothing stands against them."
Duvessa zaps a wand.
The puff of flame hits you.
You hit Duvessa.
Duvessa falls asleep!
Duvessa shouts!
Duvessa is moderately wounded.
Duvessa says, "When magic and the sword combine, nothing stands against them."
Duvessa zaps a wand.
The puff of flame hits you.
* * * LOW HITPOINT WARNING * * *
Unknown command.
You sock Duvessa!
Duvessa is severely wounded.
Duvessa misses you.
You closely miss Duvessa.
Duvessa is severely wounded.
Duvessa hits you but does no damage.
You barely miss Duvessa.
Duvessa is severely wounded.
Duvessa hits you but does no damage.
Duvessa zaps a wand.
The puff of flame hits you.
* * * LOW HITPOINT WARNING * * *
Unknown command.
You hit Duvessa.
Duvessa seems to grow stronger.
Duvessa is almost dead.
Duvessa hits you with a +0 short sword!
You die...
Xom howls with laughter!

Skill      XL: |  1  2  3  4 |
---------------+-------------+-----
Maces & Flails | 3 4 |  4.0
Ice Magic      | 1 |  1.6
Fighting       | |  2.4
Armour         | |  0.7
Dodging        | |  2.4

Action                     |  1- 3 |  4- 6 || total
---------------------------+-------+-------++-------
  Melee: Mace              |   109 |    63 ||   172
         Punch             |     1 |     2 ||     3
    Use: Scroll            |    13 |     3 ||    16
         Potion            |       |     2 ||     2
   Stab: Sleeping          |     4 |       ||     4
         Petrified         |       |     3 ||     3
         Petrifying        |       |     1 ||     1
         Paralysed         |       |     1 ||     1
 Armour: Leather armour    |    53 |    31 ||    84
  Dodge: Dodged            |    72 |    70 ||   142

Levels and vault maps discovered:
D:1:      lemuel_arrival_rhombus, layout_loops_ring, serial_shops,
          nicolae_square_shop, chequers_serial_rivers_large_a
D:2:      layout_basic
D:3:      layout_basic, kennysheep_ying_yang, grunt_temple_overflow_open,
          serial_shops, nicolae_shop_tiny_statue_garden, basic_ecumenical_altar
D:4:      layout_basic, nemelex_diamond_rough_becter, portal_sewer_entry_f,
          uniq_edmund, uniq_pikel, uniq_duvessa

Notes
Turn   | Place    | Note
-------+----------+-------------------------------------------
     0 | D:1      | demibob the Deep Elf Chaos Knight began the quest for the
                  | Orb.
     0 | D:1      | Reached XP level 1. HP: 13/13 MP: 3/3
   136 | D:1      | Reached XP level 2. HP: 11/18 MP: 4/4
   274 | D:1      | Found Emiuguf's Weapon Emporium.
   338 | D:1      | XOM: potion effect (attraction)
   339 | D:1      | XOM: silly message
   342 | D:1      | Reached skill level 3 in Maces & Flails
   343 | D:1      | Reached XP level 3. HP: 22/22 MP: 5/5
   554 | D:1      | XOM: silly message
   598 | D:1      | XOM: noise
   694 | D:1      | XOM: silly message
  1103 | D:2      | XOM: silly message
  1459 | D:3      | Reached XP level 4. HP: 26/27 MP: 6/6
  1553 | D:3      | Learned a level 3 spell: Hailstorm
  1605 | D:3      | Found Ruqaynla's Distillery.
  1630 | D:3      | Bought a potion of might for 40 gold pieces
  1630 | D:3      | Bought a potion of mutation for 80 gold pieces
  1754 | D:3      | XOM: noise
  1799 | D:3      | XOM: 2-stop teleportation journey
  1833 | D:3      | Found a white marble altar of Elyvilon.
  1891 | D:3      | Found a basalt altar of Yredelemnul.
  1954 | D:3      | Found a faded altar of an unknown god.
  1960 | D:3      | Found a shadowy altar of Dithmenos.
  1960 | D:3      | Found a shimmering altar of Xom.
  1962 | D:3      | Found a broken altar of Ashenzari.
  1962 | D:3      | Found a hide-covered altar of Uskayaw.
  1964 | D:3      | Found an ancient bone altar of Kikubaaqudgha.
  1964 | D:3      | Found a radiant altar of Vehumet.
  2123 | D:4      | Reached skill level 1 in Ice Magic
  2207 | D:4      | Reached skill level 4 in Maces & Flails
  2208 | D:4      | Noticed Dowan
  2212 | D:4      | Noticed Duvessa
  2221 | D:4      | Slain by Duvessa

Vanquished Creatures
  A jelly (D:4)
  A gnoll (D:1)
  2 adders
  A ribbon worm (D:2)
  3 dart slugs
  4 ball pythons
  5 bats
  8 endoplasms
  3 giant cockroaches
  8 goblins
  7 hobgoblins
  2 jackals (D:3)
  A quokka (D:2)
  3 frilled lizards
  4 kobolds
  6 rats
59 creatures vanquished.

Table legend: (Time is in decaauts)
 A = Elapsed time spent in this place.
 B = Non-inter-level travel time spent in this place.
 C = Inter-level travel time spent in this place.
 D = Time resting spent in this place.
 E = Time spent auto-exploring this place.
 F = Levels seen in this place.
 G = Mean time per level.
                   A        B        C        D        E       F      G
               +--------+--------+--------+--------+--------+-----+--------+
         Total |   2272 |   2208 |     64 |      0 |   1737 |   4 |  568.0 |
       Dungeon |   2272 |   2208 |     64 |      0 |   1737 |   4 |  568.0 |
               +--------+--------+--------+--------+--------+-----+--------+

Top non-repeatable levels by time:
     D:1: 946 daAuts
     D:3: 658 daAuts
     D:2: 548 daAuts
     D:4: 118 daAuts

Table legend:
 A = Non-vault XP
 B = Vault XP
 C = Vault XP percentage of total XP
 D = Non-vault monster count
 E = Vault monster count
 F = Vault count percentage of total count
                 A         B        C        D         E       F
            +---------+---------+-------+---------+---------+-------
      Total |     190 |       0 |   0.0 |      59 |       0 |   0.0
            +---------+---------+-------+---------+---------+-------
        D:1 |      64 |       0 |   0.0 |      27 |       0 |   0.0
        D:2 |      31 |       0 |   0.0 |      16 |       0 |   0.0
        D:3 |      35 |       0 |   0.0 |      13 |       0 |   0.0
        D:4 |      60 |       0 |   0.0 |       3 |       0 |   0.0
            +---------+---------+-------+---------+---------+-------
